Map: Romanticide LE

Players

TerranYOUup - Winner!

  • Race: Terran Terran
  • League: Diamond

SlyGuy

  • Race: Zerg Zerg
  • League: Diamond

VOD

Have the link to the VOD?

Description

Time

  • Played on: July 8, 2021, 2:25 p.m.
  • Length: 23:50
Show
View Real Time Build Order
Export as new Build Order

TerranYOUup Terran - Winner!

Build Orders: 2 Factory, Command Center First (CC), Mech 

Get SALT Encoding   

  12  0:00  SCV  
  13  0:13  SCV  
  14  0:21  Supply Depot  
  14  0:25  SCV  
  15  0:43  SCV  
  16  0:55  SCV  
  17  1:03  Command Center  
  17  1:09  SCV  
  18  1:22  Barracks  
  18  1:24  SCV  
  19  1:38  Barracks, SCV  
  20  1:43  Refinery  
  20  1:48  Refinery  
  20  1:50  SCV  
  21  2:02  SCV  
  22  2:16  Marine  
  22  2:20  Bunker  
  22  2:22  Orbital Command  
  23  2:29  Orbital Command  
  23  2:32  Marine  
  24  2:41  Marine  
  25  2:50  SCV, Factory  
  26  2:55  SCV  
  27  3:05  Factory  
  27  3:07  SCV x2  
  29  3:14  Refinery  
  29  3:19  SCV  
  30  3:21  SCV  
  30  3:22  Barracks Reactor x2  
  31  3:36  SCV  
  32  3:47  Supply Depot  
  32  3:49  SCV x2, Supply Depot  
  32  3:50  Factory Tech Lab x2  
  34  3:59  Marine  
  34  4:00  Marine x3  
  38  4:08  SCV x2  
  40  4:10  Supply Depot  
  40  4:11  Siege Tank  
  40  4:12  Supply Depot  
  40  4:16  Siege Tank  
  46  4:22  SCV x2  
  48  4:33  Marine x2  
  48  4:34  Marine x2  
  48  4:35  Supply Depot  
  48  4:37  Supply Depot  
  52  4:39  SCV x2  
  54  4:46  Siege Tank  
  54  4:50  Siege Tank  
  60  5:05  Marine x2  
  60  5:06  Marine x2  
  64  5:09  SCV  
  65  5:18  Siege Tank  
  68  5:22  Siege Tank  
  71  5:29  Marine x4  
  71  5:31  Supply Depot  
  71  5:34  Supply Depot  
  75  5:46  SCV x2  
  75  5:47  Marine x4  
  81  5:50  Siege Tank  
  81  5:54  Siege Tank  
  87  6:03  SCV  
  87  6:04  SCV  
  89  6:08  Command Center  
  89  6:14  Marine x3  
  92  6:23  Siege Tank  
  92  6:24  Refinery  
  95  6:26  Siege Tank, Armory  
  95  6:30  Armory  
  98  6:33  Marine x3  
  98  6:36  SCV  
  102  6:53  Marine x2  
  102  6:54  Marine  
  102  6:56  Siege Tank  
  95  7:05  Marine, Siege Tank  
  95  7:06  SCV x2  
  100  7:11  Marine x2  
  81  7:26  Marine x2  
  81  7:28  Siege Tank  
  81  7:29  Marine x2  
  82  7:37  Siege Tank  
  85  7:40  Factory  
  81  8:01  Siege Tank  
  74  8:09  Marine x4  
  77  8:17  Siege Tank  
  80  8:27  Marine x4  
  80  8:28  Terran Vehicle And Ship Armor Level 1, Terran Vehicle Weapons Level 1  
  80  8:29  Factory Tech Lab  
  80  8:33  Factory  
  84  8:45  Marine x4, Siege Tank  
  82  9:02  Marine  
  82  9:03  Marine x3  
  82  9:04  SCV x2  
  87  9:14  Siege Tank  
  90  9:18  Factory Reactor  
  90  9:20  Marine x2  
  90  9:21  Siege Tank  
  95  9:25  Factory  
  95  9:28  Supply Depot, SCV x2, Factory  
  98  9:39  Orbital Command  
  98  9:40  SCV  
  98  9:44  Marine x3  
  101  9:46  SCV  
  101  9:50  Supply Depot  
  101  9:51  Refinery, Supply Depot  
  102  9:53  Refinery  
  102  10:01  Siege Tank, Hellion x2  
  102  10:02  Infernal Pre-Igniter  
  109  10:21  Factory Reactor  
  90  10:23  Siege Tank, Factory Reactor  
  90  10:24  Siege Tank, Hellion  
  90  10:25  Hellion  
  90  10:47  Siege Tank  
  90  10:48  Hellion x2  
  97  10:50  SCV x3  
  97  10:56  Siege Tank x2  
  106  11:08  Hellion x4  
  118  11:11  Hellion x2  
  118  11:14  SCV x2  
  120  11:19  Siege Tank  
  120  11:22  Engineering Bay  
  120  11:23  Command Center  
  120  11:24  SCV  
  124  11:25  Terran Vehicle Weapons Level 2  
  124  11:26  Terran Vehicle And Ship Armor Level 2, SCV x2  
  126  11:36  SCV  
  126  11:38  SCV x2  
  112  11:49  Siege Tank x2  
  112  11:50  Hellion x4  
  112  11:51  Siege Tank, Hellion x2  
  85  12:09  Orbital Command  
  85  12:12  Hellion x4  
  88  12:21  Siege Tank x2  
  90  12:23  Siege Tank  
  80  12:41  Hellion x5  
  80  12:42  Hellion  
  89  12:53  Siege Tank x2  
  89  12:55  Siege Tank  
  83  13:06  Hellion x2  
  83  13:07  Hellion x4  
  83  13:09  Orbital Command  
  83  13:25  Siege Tank x2  
  87  13:27  Siege Tank  
  87  13:28  Hellion x6  
  102  13:35  Orbital Command  
  102  13:43  SCV x2  
  104  13:53  Hellion x2  
  104  13:54  Hellion x5  
  104  13:55  Hellion  
  114  13:57  Siege Tank  
  114  14:02  SCV x3  
  120  14:10  Terran Vehicle Weapons Level 3  
  120  14:13  Terran Vehicle And Ship Armor Level 3  
  118  14:30  Siege Tank  
  118  14:31  Siege Tank  
  124  14:32  Hellion x4  
  124  14:33  Hellion x2  
  136  14:42  SCV x2  
  136  14:43  SCV x2  
  140  14:47  Refinery  
  140  15:06  Orbital Command  
  106  15:17  Siege Tank x3  
  106  15:18  Hellion x3  
  106  15:19  Hellion  
  119  15:36  SCV  
  120  15:47  Refinery  
  120  15:49  SCV x3  
  123  15:51  Refinery  
  87  16:12  Hellion x5  
  91  16:31  SCV  
  91  16:32  SCV x3  
  89  16:43  SCV  
  89  16:44  Hellion x6, SCV  
  89  16:46  SCV  
  95  17:13  Siege Tank x3  
  95  17:14  Hellion x4  
  103  17:32  Hellion  
  95  17:41  Hellion x4  
  100  17:45  Siege Tank x3  
  97  17:59  Hellion x2  
  101  18:14  Orbital Command  
  101  18:18  Hellion x2  
  101  18:19  Hellion x2  
  109  18:20  Siege Tank x2  
  109  18:21  Siege Tank  
  118  18:29  SCV x2  
  118  18:30  SCV  
  138  19:07  Thor x3  
  138  19:09  Hellion x5  
  114  19:27  SCV  
  114  19:28  SCV x2  
  114  19:31  Refinery  
  111  19:32  Refinery  
  111  19:37  Starport  
  105  19:40  Starport  
  100  19:48  SCV  
  100  19:49  SCV x2  
  103  19:53  Thor x3  
  103  19:56  Hellion x6  
  133  20:25  Hellion  
  133  20:26  Hellion x4  
  141  20:35  Thor  
  141  20:36  Thor  
  141  20:38  Thor  
  149  20:44  Viking  
  149  20:45  Viking  
  149  20:47  Viking x2  
  149  20:49  Hellion x2  
  155  20:55  Supply Depot  
  155  21:00  Supply Depot  
  155  21:01  Supply Depot  
  155  21:02  Supply Depot  
  155  21:03  SCV  
  156  21:15  SCV  
  156  21:16  Hellion  
  156  21:17  Hellion x3  
  118  21:40  Hellion x4  
  118  21:41  Hellion x2  
  118  21:42  Siege Tank x3  
  136  22:00  SCV x3  
  139  22:04  Hellion x3  
  139  22:05  Hellion, Command Center  
  143  22:14  Siege Tank x3  
  152  22:22  Hellion  
  152  22:23  Hellion  
  152  22:26  Hellion x4  
  128  22:48  SCV x2  
  131  22:58  SCV  
  131  23:00  SCV  
  128  23:17  Viking x4  
  145  23:20  Hellion x4  
  145  23:21  Hellion x2  
Show
View Real Time Build Order
Export as new Build Order

SlyGuy Zerg 

Build Orders: Hatch First 

Get SALT Encoding   

  12  0:00  Drone  
  13  0:13  Overlord  
  13  0:17  Drone  
  14  0:32  Drone x2  
  14  0:35  Drone  
  17  0:54  Hatchery  
  16  0:58  Drone  
  16  1:01  Drone  
  18  1:09  Drone  
  19  1:12  Extractor  
  19  1:17  Drone  
  19  1:25  Spawning Pool  
  18  1:29  Drone  
  19  1:39  Drone  
  20  1:51  Hatchery  
  19  2:11  Drone x3  
  19  2:13  Drone  
  23  2:17  Drone  
  23  2:22  Drone  
  25  2:23  Metabolic Boost  
  25  2:29  Queen  
  25  2:36  Overlord  
  27  2:40  Overlord  
  27  2:43  Drone  
  28  2:54  Queen  
  28  2:55  Drone  
  28  2:56  Drone  
  28  2:57  Drone  
  33  3:05  Drone x3  
  36  3:12  Queen  
  36  3:14  Drone  
  36  3:16  Drone  
  36  3:18  Drone  
  41  3:37  Queen  
  45  3:42  Lair  
  45  3:45  Zergling x2  
  45  3:46  Zergling x2  
  45  3:47  Zergling x10  
  45  3:48  Overlord  
  50  3:49  Overlord  
  50  4:00  Hatchery  
  49  4:12  Drone x4, Extractor  
  49  4:13  Drone x2  
  49  4:16  Evolution Chamber  
  53  4:20  Drone, Roach Warren  
  53  4:23  Drone  
  54  4:27  Drone  
  54  4:28  Drone x2  
  54  4:29  Drone  
  58  4:31  Drone  
  58  4:37  Drone x2  
  58  4:38  Drone  
  62  4:41  Extractor  
  62  4:42  Overlord, Extractor  
  60  4:48  Drone  
  60  4:49  Drone  
  62  5:22  Roach  
  62  5:23  Roach x4  
  62  5:24  Overlord x3  
  62  5:25  Overlord  
  62  5:28  Glial Reconstitution, Zerg Missile Weapons Level 1  
  72  5:29  Overlord  
  72  5:30  Overlord  
  72  5:38  Overlord x2  
  72  5:45  Roach x5  
  72  5:48  Roach x2  
  86  5:50  Roach  
  86  5:52  Roach  
  86  5:55  Roach  
  92  6:02  Roach x3  
  92  6:04  Roach  
  100  6:07  Drone x2  
  102  6:12  Drone x3  
  102  6:16  Roach x2  
  102  6:18  Overseer  
  108  6:20  Ravager x4  
  108  6:21  Ravager  
  108  6:22  Ravager  
  114  6:26  Zergling x6  
  114  6:28  Zergling x2  
  114  6:30  Zergling x2  
  114  6:31  Zergling x2  
  114  6:32  Ravager  
  121  6:34  Ravager  
  121  6:35  Zergling x4  
  121  6:38  Zergling x4  
  126  6:41  Zergling x4  
  126  6:42  Zergling x2  
  126  6:46  Zergling x6  
  132  6:47  Zergling x2  
  132  6:50  Zergling x2  
  132  6:52  Zergling x2  
  129  6:56  Roach x2  
  129  6:59  Zergling x4  
  106  7:02  Zergling x8  
  106  7:04  Zergling x2  
  106  7:06  Zergling x2  
  106  7:07  Ravager x3  
  106  7:08  Zergling x2, Ravager  
  116  7:12  Zergling x2  
  116  7:13  Zergling x2  
  115  7:20  Roach x3  
  115  7:21  Roach  
  108  7:23  Drone  
  108  7:24  Drone x3  
  108  7:28  Drone  
  113  7:33  Drone x2  
  115  7:43  Drone  
  115  7:44  Drone  
  111  7:46  Hatchery  
  111  7:47  Zergling x4  
  111  7:48  Zergling x6  
  111  7:49  Zergling x2  
  111  7:51  Zergling x2  
  114  7:53  Zergling x2  
  114  7:58  Zergling x4  
  117  8:01  Zergling x2  
  117  8:03  Zergling x2  
  104  8:06  Zergling x2  
  104  8:11  Drone x2  
  107  8:15  Drone  
  107  8:16  Drone  
  107  8:17  Drone  
  107  8:19  Drone  
  108  8:21  Drone  
  108  8:25  Drone x2  
  108  8:26  Drone x2  
  113  8:31  Extractor  
  113  8:32  Drone, Extractor  
  113  8:34  Drone  
  113  8:36  Drone x2  
  115  8:43  Zergling x2  
  115  8:46  Zergling x4  
  115  8:48  Zergling x2  
  119  8:54  Hatchery  
  105  8:56  Roach x2  
  105  9:05  Roach x2  
  105  9:08  Roach x5  
  105  9:09  Roach x5  
  129  9:11  Queen  
  129  9:13  Overlord  
  129  9:14  Extractor x2  
  129  9:18  Zerg Missile Weapons Level 2  
  129  9:21  Zergling x6  
  129  9:22  Evolution Chamber, Zergling x12  
  137  9:25  Overlord  
  137  9:26  Zergling x4  
  137  9:27  Baneling Nest  
  138  9:32  Ravager  
  138  9:33  Ravager  
  138  9:34  Zergling x2  
  138  9:35  Zergling x8  
  138  9:38  Roach x2  
  149  9:40  Overseer  
  149  9:46  Roach  
  149  9:48  Roach x2  
  155  9:53  Drone x2  
  155  9:54  Drone  
  158  10:02  Overlord  
  158  10:06  Zerg Ground Armor Level 1  
  158  10:07  Hydralisk Den  
  149  10:18  Roach x3  
  122  10:26  Roach x2  
  122  10:27  Roach  
  98  10:28  Roach  
  98  10:30  Roach x2  
  98  10:31  Roach x8  
  98  10:32  Roach x7  
  98  10:33  Roach  
  98  10:35  Roach x2  
  138  10:37  Roach  
  138  10:40  Roach x2  
  138  10:42  Roach  
  146  10:45  Roach x2  
  146  10:47  Queen  
  146  10:48  Roach  
  154  10:50  Roach x2  
  154  10:51  Ravager  
  154  10:52  Ravager x4  
  154  10:53  Roach  
  154  10:55  Ravager x2  
  154  10:56  Ravager  
  170  10:57  Roach  
  170  11:03  Drone  
  171  11:07  Drone  
  172  11:18  Overlord x2  
  172  11:19  Overlord x3  
  172  11:20  Overlord  
  172  11:24  Overlord  
  172  11:26  Overlord x2  
  172  11:29  Overlord  
  172  11:35  Overlord  
  172  11:36  Hydralisk x4  
  172  11:37  Hydralisk x6  
  192  11:40  Grooved Spines  
  192  11:47  Lurker Den  
  171  11:48  Roach  
  171  11:49  Roach  
  149  11:55  Roach x2  
  132  12:03  Roach x4  
  132  12:04  Roach x2  
  132  12:05  Roach x4  
  149  12:10  Roach x2  
  149  12:12  Roach x3  
  149  12:14  Roach  
  149  12:15  Roach  
  163  12:16  Drone x2  
  163  12:17  Drone  
  163  12:18  Drone  
  163  12:19  Drone x4  
  163  12:20  Drone  
  166  12:35  Ravager x3  
  166  12:36  Ravager  
  170  12:37  Roach x2  
  170  12:40  Roach  
  170  12:41  Roach  
  172  12:46  Roach x2  
  160  12:53  Roach x2  
  160  12:57  Roach x2  
  160  12:58  Roach x5  
  156  12:59  Roach x2  
  156  13:03  Roach x2  
  156  13:04  Roach  
  158  13:07  Overlord  
  158  13:10  Extractor  
  158  13:12  Extractor  
  154  13:15  Roach x2  
  154  13:19  Roach  
  147  13:20  Roach x2  
  147  13:21  Roach x2  
  147  13:22  Roach x3  
  147  13:23  Hatchery  
  147  13:24  Roach x2  
  147  13:25  Roach  
  151  13:31  Overlord  
  151  13:34  Roach x2  
  151  13:35  Roach  
  151  13:41  Zergling x2, Infestation Pit  
  156  13:42  Zergling x14  
  156  13:43  Zergling x8  
  156  13:44  Zergling x6  
  156  13:45  Zergling x2  
  156  13:48  Zergling x2  
  173  13:50  Zergling x4  
  175  13:57  Zergling x4  
  175  14:00  Zergling x2  
  175  14:01  Zergling x4  
  180  14:03  Hydralisk x4  
  180  14:06  Hydralisk x2  
  180  14:07  Hatchery  
  180  14:09  Zerg Ground Armor Level 2  
  191  14:13  Zergling x2  
  191  14:14  Zergling x4  
  184  14:24  Roach x4  
  157  14:29  Hive  
  158  14:31  Spire  
  157  14:41  Overlord  
  157  14:42  Drone x4  
  157  14:45  Drone x6  
  166  14:46  Drone  
  166  14:48  Drone  
  166  14:50  Drone  
  170  14:55  Drone x2  
  155  15:09  Roach x7  
  155  15:10  Roach x7  
  155  15:11  Roach x2  
  155  15:13  Roach x2  
  151  15:19  Roach x2  
  151  15:20  Roach  
  151  15:21  Roach  
  147  15:27  Roach x4  
  154  15:30  Roach  
  141  15:36  Roach  
  141  15:38  Ravager x2  
  141  15:39  Ravager x10  
  147  15:43  Zergling x8  
  147  15:44  Zergling x10  
  147  15:45  Zergling x6  
  157  15:57  Unknown  
  157  16:03  Roach x2  
  138  16:08  Roach x2  
  138  16:11  Roach x6  
  120  16:12  Roach x7  
  120  16:13  Roach  
  120  16:14  Roach  
  120  16:16  Roach  
  128  16:22  Roach x2  
  128  16:23  Roach x2  
  136  16:26  Roach  
  136  16:28  Zergling x4, Roach  
  136  16:31  Zergling x6  
  143  16:33  Zergling x4  
  143  16:35  Zergling x2  
  143  16:38  Zergling x2  
  135  16:40  Zergling x2  
  135  16:42  Zergling x4  
  135  16:43  Zergling x2  
  135  16:46  Queen x4  
  145  16:50  Greater Spire  
  145  16:51  Corruptor  
  145  16:53  Drone x2  
  145  16:54  Drone x3  
  152  16:55  Drone  
  152  16:57  Queen  
  152  17:01  Extractor  
  154  17:02  Hydralisk x2, Extractor  
  157  17:08  Drone x2  
  157  17:09  Drone  
  157  17:12  Hydralisk  
  157  17:13  Roach  
  157  17:14  Roach x5  
  175  17:15  Roach  
  175  17:18  Roach x2  
  175  17:19  Roach  
  175  17:21  Hatchery  
  172  17:23  Roach x2  
  172  17:24  Roach  
  172  17:26  Roach  
  172  17:27  Roach  
  172  17:28  Roach  
  167  17:30  Roach  
  167  17:35  Roach x3  
  167  17:36  Roach  
  155  17:38  Roach  
  155  17:39  Roach  
  155  17:40  Roach  
  155  17:42  Roach  
  155  17:43  Roach  
  155  17:45  Roach  
  153  17:52  Roach x2  
  153  17:53  Roach  
  153  17:54  Roach x2  
  153  17:55  Roach  
  153  17:56  Roach  
  166  17:58  Drone  
  166  17:59  Drone x2  
  166  18:01  Drone x2  
  171  18:05  Corruptor  
  171  18:08  Corruptor  
  175  18:14  Corruptor x2  
  179  18:22  Corruptor x2  
  179  18:25  Corruptor  
  185  18:32  Corruptor x2  
  189  18:34  Corruptor  
  190  18:42  Brood Lord  
  190  18:44  Brood Lord  
  171  18:49  Brood Lord  
  171  18:52  Brood Lord  
  173  19:00  Brood Lord  
  149  19:13  Brood Lord  
  149  19:14  Zergling x4  
  149  19:15  Zergling x2  
  136  19:18  Brood Lord  
  136  19:19  Zergling x6  
  137  19:25  Zerg Melee Weapons Level 1  
  137  19:30  Zergling x4  
  135  19:32  Drone x3  
  135  19:33  Drone  
  135  19:34  Drone x2  
  135  19:35  Drone x3  
  135  19:36  Drone x6  
  147  19:54  Zergling x8  
  147  19:55  Zergling x6  
  147  19:57  Zergling x4  
  147  19:58  Zergling x4  
  158  20:01  Spine Crawler  
  158  20:02  Zergling x6  
  158  20:04  Roach x2  
  158  20:05  Roach x7  
  158  20:06  Roach x4  
  182  20:08  Roach x4  
  182  20:14  Spine Crawler, Roach  
  172  20:15  Roach  
  172  20:16  Spine Crawler, Roach x3  
  172  20:18  Roach  
  172  20:20  Roach  
  168  20:31  Drone x2  
  168  20:32  Drone x3  
  168  20:33  Drone x5  
  168  20:34  Drone  
  179  20:35  Drone  
  179  20:39  Drone x2  
  179  20:40  Drone  
  179  20:41  Drone  
  180  20:43  Drone  
  180  20:44  Drone  
  180  20:45  Drone  
  180  20:47  Drone  
  180  20:49  Drone x2  
  186  20:52  Drone  
  186  20:53  Drone x2  
  189  20:57  Drone  
  190  21:04  Overlord  
  190  21:07  Zerg Flyer Weapons Level 1  
  190  21:08  Zerg Ground Armor Level 3  
  190  21:11  Corruptor  
  192  21:23  Corruptor  
  184  21:27  Corruptor  
  168  21:35  Corruptor x2  
  168  21:36  Corruptor x2  
  168  21:37  Roach x5  
  168  21:38  Roach  
  156  21:40  Roach  
  156  21:42  Roach  
  156  21:43  Roach  
  156  21:44  Roach  
  156  21:46  Roach  
  144  21:47  Roach  
  144  21:50  Roach  
  144  21:51  Roach  
  144  21:52  Roach  
  152  21:56  Roach  
  152  21:58  Roach x2  
  152  22:00  Roach  
  160  22:02  Roach x3  
  160  22:04  Roach  
  160  22:05  Zergling x4  
  160  22:06  Zergling x6  
  160  22:07  Zergling x4  
  174  22:09  Zergling x2  
  174  22:11  Roach  
  174  22:12  Roach  
  174  22:13  Roach  
  179  22:16  Roach x2  
  179  22:18  Roach  
  179  22:20  Zergling x4  
  184  22:23  Zergling x4  
  169  22:32  Roach  
  169  22:33  Roach x5  
  169  22:35  Roach  
  160  22:37  Roach  
  160  22:39  Roach  
  160  22:41  Roach  
  160  22:42  Roach  
  147  22:44  Roach  
  147  22:46  Roach  
  147  22:48  Roach  
  147  22:50  Roach  
  143  22:53  Roach x2  
  143  22:55  Roach  
  143  22:57  Roach  
  143  23:00  Roach  
  143  23:01  Roach  
  143  23:03  Roach  
  143  23:05  Roach  
  138  23:08  Roach  
Tags
 
Add a new tag
Caveats
  • Supply blocks, unpowered buildings, or Contaminate may cause inaccurate times.
  • Supply counts are checked every 10 seconds.